 Dungeon Crawl Stone Soup version 0.27.1-3-gb3d3a73c9e (webtiles) character file.

Game seed: 50684872431842421

92 Urokeeper the Sneak (level 4, -1/33 HPs)
             Began as a Human Brigand on Oct 7, 2021.
             Was an Initiate of Dithmenos.
             Slain by an orc (4 damage)
             ... on level 3 of the Dungeon.
             The game lasted 00:06:02 (1996 turns).

Urokeeper the Sneak (Human Brigand)                 Turns: 1996, Time: 00:06:02

Health: -1/33      AC:  5    Str: 12    XL:     4   Next: 90%
Magic:  4/4        EV: 11    Int: 12    God:    Dithmenos [......]
Gold:   77         SH:  0    Dex: 14    Spells: 3/3 levels left

rFire    . . .     SeeInvis .   a - +2 dagger
rCold    . . .     Faith    .   (no shield)
rNeg     . . .     Spirit   .   l - +0 leather armour
rPois    .         Reflect  .   (no helmet)
rElec    .         Harm     .   c - +0 cloak
rCorr    .         Rampage  .   (no gloves)
Will     .....                  m - +0 pair of boots
Stlth    ++........             (no amulet)
HPRegen  0.11/turn              (no ring)
MPRegen  0.09/turn              (no ring)

@: no status effects
A: no striking features
a: Renounce Religion


You were on level 3 of the Dungeon.
You worshipped Dithmenos.
Dithmenos was noncommittal.
You visited 1 branch of the dungeon, and saw 3 of its levels.

You collected 77 gold pieces.

Inventory:

Hand Weapons
 a - a +2 dagger (weapon)
Missiles
 d - 7 poisoned darts
 e - 8 curare-tipped darts (quivered)
Armour
 c - a +0 cloak (worn)
 l - a +0 leather armour (worn)
 m - a +0 pair of boots (worn)
Scrolls
 b - a scroll of amnesia {unknown}
 i - a scroll of noise
 n - a scroll of teleportation
 o - a scroll of fear {unknown}
 p - a scroll of acquirement {unknown}
Potions
 g - 2 potions of curing {unknown}
 h - 2 potions of degeneration {unknown}
 j - a potion of heal wounds {unknown}
 k - a potion of lignification {unknown}
 q - a potion of mutation {unknown}


   Skills:
 - Level 2.0 Fighting
 + Level 3.5 Short Blades
 - Level 2.0 Throwing
 + Level 2.7 Armour
 - Level 1.0 Dodging
 - Level 4.0 Stealth


You had 3 spell levels left.
You didn't know any spells.
Your spell library was empty.

Dungeon Overview and Level Annotations

Branches:
Dungeon (3/15)

Altars:
Dithmenos

Annotations:
D:3 1 runed translucent door, Cheops's ghost, amateur DsFE


Message History

You closely miss the orc priest. The orc priest closely misses you.
You hit the orc priest but do no damage.
The orc hits you but does no damage.
You hit the orc priest.
The orc priest is moderately wounded.
The orc priest casts a cantrip, but nothing happens.
The orc hits you with a +2 vorpal mace!
You hit the orc priest but do no damage.
The orc priest is moderately wounded.
The orc priest hits you but does no damage.
The orc hits you but does no damage.
You hit the orc priest.
The orc priest is moderately wounded.
The orc priest hits you with a +0 club. The orc closely misses you.
You hit the orc priest.
The orc priest is moderately wounded.
The orc priest hits you with a +0 club.
You hit the orc priest.
The orc priest is heavily wounded.
The orc hits you with a +2 vorpal mace.
* * * LOW HITPOINT WARNING * * *
x2 You closely miss the orc priest.
The orc priest is heavily wounded.
The orc priest hits you but does no damage.
The orc closely misses you.
You closely miss the orc priest.
The orc priest is heavily wounded.
The orc priest closely misses you. The orc barely misses you.
You closely miss the orc priest.
The orc priest is heavily wounded.
The orc priest hits you with a +0 club.
* * * LOW HITPOINT WARNING * * *
The orc closely misses you.
You hit the orc priest.
The orc priest is severely wounded.
The orc priest closely misses you.
You completely miss the orc priest.
The orc priest is severely wounded.
The orc hits you with a +2 vorpal mace.
You die...

###### ########## #.....
.........# #.....
.........# ########†....
.........###............
.......<.....######.....
.......$.# #.....
.......@.####### ###.##
.......oo#.....######.##
...............#........
..>.....†.########......
..........+SSSW?≈#......
.########)########....>.
#......#........
#...........[...
####..............


You could see an orc priest, 3 adders and an orc.

Vanquished Creatures
  4 gnolls (D:2)
  An adder (D:2)
  An orc (D:3)
  5 ball pythons
  3 bats
  6 endoplasms
  2 giant cockroaches
  2 goblins (D:1)
  A hobgoblin (D:1)
  5 kobolds
  A quokka (D:2)
  5 frilled lizards (D:1)
  10 rats
46 creatures vanquished.

Notes
Turn   | Place    | Note
-------+----------+-------------------------------------------
     0 | D:1      | Urokeeper the Human Brigand began the quest for the Orb.
     0 | D:1      | Reached XP level 1. HP: 16/16 MP: 1/1
   214 | D:2      | Reached skill level 1 in Armour
   214 | D:2      | Reached XP level 2. HP: 22/22 MP: 2/2
   215 | D:2      | Found a faded altar of an unknown god.
   489 | D:1      | Reached XP level 3. HP: 27/27 MP: 3/3
  1309 | D:2      | Reached XP level 4. HP: 33/33 MP: 4/4
  1833 | D:3      | Found a shadowy altar of Dithmenos.
  1852 | D:3      | Became a worshipper of Dithmenos the Shadowed
  1940 | D:3      | Found a runed translucent door.
  1966 | D:3      | Noticed Cheops's ghost (amateur DsFE)
  1996 | D:3      | Slain by an orc

Illustrated notes

Levels and vault maps discovered:
D:1:      lemuel_arrival_hallway, layout_loops_ring, minmay_misc_feat_square,
          minivault_4, grunt_decor_arrowhead, nrook_loot_triangle,
          minmay_ruptured
D:2:      layout_rooms, ebering_ecumenical_altar_mist
D:3:      layout_rooms, general_overflow_altar, lemuel_doored_altar,
          ebering_ghost_sewer_d, minmay_fractal_squares_diagonal_5

Skill      XL: |  1  2  3 |
---------------+----------+-----
Armour         | 1 2 |  2.7
Short Blades   | 3 |  3.5
Fighting       | |  2.0
Throwing       | |  2.0
Dodging        | |  1.0
Stealth        | |  4.0

Action                   |  1- 3 |  4- 6 || total
-------------------------+-------+-------++-------
Melee: Dagger            |    84 |    61 ||   145
Throw: Dart              |     2 |     6 ||     8
  Use: Scroll            |     1 |     1 ||     2
 Stab: Sleeping          |     6 |     5 ||    11
Armor: Robe              |     6 |       ||     6
       Leather armour    |    14 |    25 ||    39
Dodge: Dodged            |    47 |    28 ||    75
